 Dungeon Crawl Stone Soup version 0.31.0-12-g77e489cdc1 (webtiles) character file.

Game seed: 17899200009145040735

36059 Doomgape the Bludgeoner (level 13, -32/113 HPs)
             Began as a Minotaur Fighter on Feb 12, 2024.
             Was a High Priest of Okawaru.
             Annihilated by a komodo dragon (63 damage)
             ... on level 3 of the Lair of Beasts.
             The game lasted 00:47:01 (12493 turns).

Doomgape the Bludgeoner (Minotaur Fighter)         Turns: 12493, Time: 00:47:02

Health: -32/113    AC: 24    Str: 24    XL:     13   Next: 51%
Magic:  19/19      EV:  2    Int:  5    God:    Okawaru [*****.]
Gold:   1027       SH:  0    Dex: 12    Spells: 12/12 levels left

rFire   + . .        v - +2 demon whip (venom)
rCold   . . .        c - +0 buckler
rNeg    . . .        x - +0 plate armour
rPois   +            (helmet restricted)
rElec   .            n - +2 cloak
rCorr   .            (no gloves)
SInv    .            j - +1 pair of boots {rampage}
Will    .....        G - amulet of Jumax {RegenMP +Inv rF+ Regen+} Stlth
                     k - ring of poison resistance
HPRegen 1.18/turn    p - +4 ring of protection
MPRegen 0.56/turn

%: rampage
@: sleeping, hasted and slowed
A: horns 2, retaliatory headbutt
a: Renounce Religion, Evoke Invisibility, Heroism, Finesse, Duel


You were on level 3 of the Lair of Beasts.
You worshipped Okawaru.
Okawaru was extremely pleased with you.
You visited 3 branches of the dungeon, and saw 17 of its levels.

You collected 1259 gold pieces.
You spent 232 gold pieces at shops.

Inventory:

Hand Weapons
 b - a +0 flail of venom
 v - a +2 demon whip of venom (weapon)
 F - a +2 scimitar of flaming
Missiles
 d - 2 javelins (quivered)
 E - 5 silver javelins
Armour
 c - a +0 buckler (worn)
 j - a +1 pair of boots of rampaging (worn)
 n - a +2 cloak (worn)
 x - a +0 plate armour (worn)
Jewellery
 k - a ring of poison resistance (left hand)
 p - a +4 ring of protection (right hand)
 s - a ring of positive energy
 w - a ring of protection from fire
 G - the amulet of Jumax (around neck) {RegenMP +Inv rF+ Regen+}
   (You found it on level 11 of the Dungeon)

   [amulet of magic regeneration]

   RegenMP:   It increases your rate of magic regeneration.
   rF+:       It protects you from fire.
   +Inv:      It lets you turn invisible.
   Regen+:    It increases your rate of health regeneration.
Wands
 a - a wand of flame (23)
 l - a wand of quicksilver (3)
 q - a wand of iceblast (3)
 y - a wand of digging (2)
 D - a wand of polymorph (8)
Scrolls
 e - 2 scrolls of amnesia
 f - 3 scrolls of enchant weapon
 h - 5 scrolls of identify
 r - 10 scrolls of teleportation
 z - a scroll of blinking
 C - a scroll of vulnerability
Potions
 g - a potion of mutation
 i - a potion of attraction
 m - a potion of magic
 o - a potion of heal wounds
 t - a potion of lignification
 A - a potion of enlightenment
 H - a potion of might


   Skills:
 - Level 10.0 Fighting
 + Level 18.4 Maces & Flails
 - Level 10.0 Armour
 - Level 4.0 Shields
 - Level 10.0 Invocations
 + Level 8.9 Evocations


You had 12 spell levels left.
You didn't know any spells.
Your spell library contained the following spells:

 Spells                   Type           Power      Damage    Failure   Level
 Apportation              Tloc           0%         N/A       100%        1
 Freeze                   Ice            0%         1d3       100%        1
 Kiss of Death            Conj/Necr      0%         2d5       100%        1
 Necrotise                Necr           0%         1d4       100%        1
 Sandblast                Erth           0%         2d4       100%        1
 Shock                    Conj/Air       0%         1d3       100%        1
 Slow                     Hex            0%         N/A       100%        1
 Sting                    Conj/Alch      0%         1d3       100%        1
 Mercury Vapours          Alch/Air       0%         N/A       100%        2
 Confusing Touch          Hex            0%         N/A       100%        3
 Frozen Ramparts          Ice            0%         1d1       100%        3
 Fugue of the Fallen      Necr           0%         N/A       100%        3
 Gell's Gravitas          Tloc           0%         N/A       100%        3
 Hailstorm                Conj/Ice       0%         3d5       100%        3
 Inner Flame              Hex/Fire       0%         N/A       100%        3
 Ozocubu's Armour         Ice            0%         N/A       100%        3
 Passwall                 Erth           0%         N/A       100%        3
 Sigil of Binding         Hex            0%         N/A       100%        3
 Stone Arrow              Conj/Erth      0%         3d7       100%        3
 Swiftness                Air            0%         N/A       100%        3
 Teleport Other           Tloc           0%         N/A       100%        3
 Vampiric Draining        Necr           0%         2d6       100%        3
 Airstrike                Air            0%         2d(0-16)  100%        4
 Brom's Barrelling Bould  Conj/Erth      0%         2d3       100%        4
 Dispel Undead            Necr           0%         3d6       100%        4
 Flame Wave               Conj/Fire      0%         2d4       100%        4
 Manifold Assault         Tloc           0%         N/A       100%        4
 Olgreb's Toxic Radiance  Alch           0%         N/A       100%        4
 Sticky Flame             Fire/Alch      0%         2d4       100%        4
 Dispersal                Tloc           0%         N/A       100%        6
 Lehudib's Crystal Spear  Conj/Erth      0%         10d2      100%        8
 Summon Small Mammal      Summ           Unusable   N/A       N/A         1
 Animate Armour           Summ/Erth      Unusable   N/A       N/A         4

Dungeon Overview and Level Annotations

Branches:
Dungeon (13/15)            Temple (1/1) D:6            Lair (3/5) D:9
    Orc (0/2) D:9
  Swamp: Lair:2-3    Shoals: Lair:2-3     Snake: Lair:2-3    Spider: Lair:2-3
 Vaults: D:13-14

Altars:
Ashenzari
Cheibriados
Elyvilon
Fedhas
Gozag
Hepliaklqana
Kikubaaqudgha
Makhleb
Nemelex Xobeh
Okawaru
Qazlal
Ru
Sif Muna
Trog
Uskayaw
Vehumet
Wu Jian
Xom
Yredelemnul
Zin
The Shining One

Shops:
D:12 [

Annotations:
D:7 2 transporters, TangoThomas's ghost, amateur DsGl


Innate Abilities, Weirdness & Mutations

You have a pair of horns on your head.
You reflexively headbutt those who attack you in melee.


Message History

The black mamba bites you!
The dream sheep shake their wool and sparkle.
You feel drowsy...
You fall asleep.
The komodo dragon bites you!!
You wake up.
* * * LOW HITPOINT WARNING * * *
Unknown command.
Unknown command.
Unknown command.
The komodo dragon attacks as it pursues you!
The komodo dragon bites you but does no damage.
Unknown command.
Unknown command.
Unknown command.
Unknown command.
Unknown command.
As you read the scroll of fear, it crumbles to dust.
You assume a fearsome visage.
The komodo dragon looks frightened!
The torpor snail looks frightened!
The dream sheep looks frightened!
The dream sheep bleats in terror.
The black mamba looks frightened!
Cornered, the komodo dragon turns to fight!
The komodo dragon bites you!!
* * * LOW HITPOINT WARNING * * *
Unknown command.
Unknown command.
Unknown command.
Unknown command.
You feel much better.
Cornered, the black mamba turns to fight!
The komodo dragon bites you.
* * * LOW HITPOINT WARNING * * *
Unknown command.
Unknown command.
You feel yourself speed up. The komodo dragon closely misses you.
The dream sheep shake their wool and sparkle.
You feel drowsy...
You fall asleep.
Cornered, the dream sheep turns to fight!
The komodo dragon bites you!!!
Ouch! That really hurt!
You die...

#### ###
###.#.#####..##
...............
............#
..........P.# ##
#@## ##. ##l## #
..##..###YS###.P
..................
...........).w....
..##P.#...#Y####..
####..#### ..
#...# ... ##..#
###...


You could see a torpor snail (fleeing), a komodo dragon, a black mamba and 2
dream sheep.

Vanquished Creatures
  The ghost of elbjorno the Black Sun, a journeyman DrAl of Kikubaaqudgha (D:10)
  Nessos (D:12)
  4 boulder beetles
  2 centaur warriors
  3 two-headed ogres
  A tengu warrior (D:11)
  Urug (D:11)
  Amaemon (Lair:1)
  A skyshark (Lair:3)
  3 skeletal warriors (D:11)
  An ugly thing (D:12)
  3 cyclopes
  Maurice (D:8)
  6 cane toads
  4 black mambas
  An orange demon (Lair:1)
  An unseen horror (D:9)
  A yaktaur (shapeshifter) (D:10)
  A gargoyle (D:12)
  A kobold demonologist (D:10)
  A rime drake (Lair:1)
  An efreet (D:11)
  7 komodo dragons
  4 trolls
  4 blink frogs (Lair:2)
  2 dream sheep (Lair:3)
  A centaur simulacrum (D:11)
  A wraith (D:11)
  2 shadows
  5 wyverns
  34 yaks
  4 basilisks
  A steam dragon (D:6)
  7 vampire mosquitoes (D:12)
  A redback (D:10)
  Edmund (D:5)
  5 water moccasins
  An acid dragon (D:9)
  Duvessa (D:7)
  2 ice beasts (D:5)
  6 orc warriors
  4 black bears
  12 wolves (Lair:2)
  An ogre (D:9)
  14 centaurs
  A phantom (D:6)
  3 kobold brigands
  13 bullfrogs
  2 scorpions
  13 wights
  Dowan (D:7)
  2 electric eels
  2 howler monkeys (D:9)
  4 bombardier beetles
  4 jellies
  9 hounds
  7 orc priests
  4 iguanas
  2 sleepcaps (D:5)
  5 orc wizards
  5 hell rats (Lair:1)
  4 gnolls
  7 adders
  3 white imps
  2 ufetubi (D:7)
  A dart slug (D:2)
  A ribbon worm (D:2)
  50 orcs
  7 ball pythons
  6 endoplasms
  4 giant cockroaches
  14 goblins
  9 hobgoblins
  A quokka (D:4)
  2 training dummies (D:7)
  8 bats
  4 frilled lizards
  17 kobolds
  6 rats
383 creatures vanquished.

Vanquished Creatures (others)
  A vampire mosquito (D:12)
1 creature vanquished.

Grand Total: 384 creatures vanquished

Notes
Turn   | Place    | Note
-------+----------+-------------------------------------------
     0 | D:1      | Doomgape the Minotaur Fighter began the quest for the Orb.
     0 | D:1      | Reached XP level 1. HP: 19/19 MP: 0/0
    25 | D:1      | Reached XP level 2. HP: 26/27 MP: 1/1
    30 | D:1      | Found a faded altar of an unknown god.
   226 | D:1      | Reached skill level 3 in Maces & Flails
   229 | D:1      | Reached XP level 3. HP: 27/33 MP: 2/2
   705 | D:2      | Reached XP level 4. HP: 38/41 MP: 3/3
  1416 | D:3      | Identified the +0 ring mail "Bunill" {rElec rN+ Int+2}
  1511 | D:3      | Found a bloodstained altar of Trog.
  1517 | D:3      | Found a hazy altar of Hepliaklqana.
  1520 | D:3      | Found a broken altar of Ashenzari.
  1520 | D:3      | Found an ancient bone altar of Kikubaaqudgha.
  1526 | D:3      | Found a radiant altar of Vehumet.
  1639 | D:3      | You fall into a shaft and drop 2 floors!
  1639 | D:5      | Entered Level 5 of the Dungeon
  1681 | D:5      | Reached skill level 4 in Maces & Flails
  1693 | D:5      | Reached skill level 5 in Fighting
  1693 | D:5      | Reached skill level 5 in Armour
  1693 | D:5      | Reached XP level 5. HP: 48/48 MP: 4/4
  1707 | D:4      | Noticed a black bear
  1721 | D:4      | Killed a black bear
  1722 | D:4      | Reached XP level 6. HP: 56/56 MP: 5/5
  1960 | D:4      | Reached skill level 5 in Maces & Flails
  2097 | D:4      | Reached XP level 7. HP: 63/63 MP: 6/6
  2538 | D:5      | Noticed Edmund
  2545 | D:5      | Killed Edmund
  2546 | D:5      | Reached skill level 6 in Maces & Flails
  2930 | D:5      | Reached XP level 8. HP: 73/73 MP: 7/7
  3044 | D:5      | Reached skill level 7 in Maces & Flails
  3308 | D:6      | Found a staircase to the Ecumenical Temple.
  3348 | D:6      | Reached skill level 8 in Maces & Flails
  3768 | Temple   | Entered the Ecumenical Temple
  3775 | Temple   | Became a worshipper of Warmaster Okawaru
  3789 | D:6      | Reached XP level 9. HP: 81/82 MP: 8/8
  4260 | D:6      | Found a glowing golden altar of the Shining One.
  4591 | D:7      | Reached skill level 9 in Maces & Flails
  4662 | D:7      | Reached * piety under Okawaru
  4839 | D:7      | Noticed Duvessa
  4839 | D:7      | Noticed Dowan
  4844 | D:7      | Killed Dowan
  4853 | D:7      | Killed Duvessa
  4854 | D:7      | Reached skill level 10 in Fighting
  5027 | D:7      | Found a transporter.
  5033 | D:7      | Noticed a moth of wrath
  5050 | D:7      | Found a bloodstained altar of Trog.
  5058 | D:7      | Noticed TangoThomas's ghost (amateur DsGl)
  5059 | D:7      | Found a transporter.
  5385 | D:8      | Found an opulent altar of Gozag.
  5481 | D:8      | Reached skill level 10 in Armour
  5499 | D:8      | Noticed Maurice
  5500 | D:8      | Maurice stole 449 gold
  5521 | D:8      | Killed Maurice
  5522 | D:8      | Reached skill level 10 in Maces & Flails
  5526 | D:8      | Reached ** piety under Okawaru
  5707 | D:8      | Found a blossoming altar of Fedhas.
  6183 | D:9      | Found a staircase to the Orcish Mines.
  6183 | D:9      | Noticed a troll
  6207 | D:9      | Killed a troll
  6208 | D:9      | Reached XP level 10. HP: 56/93 MP: 11/11
  6354 | D:9      | Reached skill level 11 in Maces & Flails
  6568 | D:9      | Reached *** piety under Okawaru
  6569 | D:9      | Reached skill level 5 in Invocations
  6623 | D:9      | Reached skill level 12 in Maces & Flails
  6712 | D:9      | Found a staircase to the Lair.
  6865 | D:9      | Reached **** piety under Okawaru
  7189 | D:10     | Entered Level 10 of the Dungeon
  7218 | D:10     | Noticed a two-headed ogre
  7222 | D:10     | Killed a two-headed ogre
  7255 | D:10     | Reached ***** piety under Okawaru
  7281 | D:10     | Reached XP level 11. HP: 96/99 MP: 15/15
  7335 | D:10     | Found a runed translucent gate.
  7335 | D:10     | Found a runed translucent gate.
  7335 | D:10     | Found a runed translucent gate.
  7344 | D:10     | Found an opulent altar of Gozag.
  7346 | D:10     | Noticed a centaur warrior
  7346 | D:10     | Noticed elbjorno's ghost (journeyman DrAl)
  7401 | D:10     | Identified the +4 rapier of Qowis {drain, Will+}
  7439 | D:10     | Reached skill level 13 in Maces & Flails
  8188 | D:10     | Killed a centaur warrior
  8196 | D:10     | Killed elbjorno's ghost
  8355 | D:11     | Noticed a boulder beetle
  8379 | D:11     | Reached skill level 14 in Maces & Flails
  8383 | D:11     | Killed a boulder beetle
  8386 | D:11     | Received a gift from Okawaru
  8547 | D:11     | Noticed Urug
  8620 | D:11     | Killed Urug
  8642 | D:11     | Noticed a tengu warrior
  8661 | D:11     | Killed a tengu warrior
  8760 | D:11     | Reached skill level 15 in Maces & Flails
  8760 | D:11     | Reached skill level 10 in Invocations
  8885 | D:11     | Identified the amulet of Jumax {RegenMP +Inv rF+ Regen+}
  8924 | D:11     | Noticed a skeletal warrior
  8927 | D:11     | Noticed a skeletal warrior
  8927 | D:11     | Noticed a skeletal warrior
  8936 | D:11     | Killed a skeletal warrior
  8937 | D:11     | Reached skill level 1 in Evocations
  8941 | D:11     | Killed a skeletal warrior
  8942 | D:11     | Reached XP level 12. HP: 55/106 MP: 18/18
  9270 | D:11     | Found a shimmering altar of Xom.
  9273 | D:11     | Found a shimmering altar of Xom.
  9273 | D:11     | Found a shimmering altar of Xom.
  9307 | D:12     | Noticed a boulder beetle
  9312 | D:12     | Noticed a two-headed ogre
  9325 | D:12     | Killed a boulder beetle
  9329 | D:12     | Killed a two-headed ogre
  9329 | D:12     | Received a gift from Okawaru
  9401 | D:12     | Noticed a two-headed ogre
  9416 | D:12     | Killed a two-headed ogre
  9507 | D:12     | Noticed a boulder beetle
  9520 | D:12     | Killed a boulder beetle
  9521 | D:12     | Reached skill level 16 in Maces & Flails
  9575 | D:12     | Noticed Nessos
  9589 | D:12     | Killed Nessos
  9664 | D:12     | Reached skill level 5 in Evocations
  9664 | D:12     | Noticed a centaur warrior
  9695 | D:12     | Killed a centaur warrior
 10016 | D:12     | Found Peobroli's Antique Armour Boutique.
 10021 | D:12     | Bought a pair of runed boots for 232 gold pieces
 10040 | D:12     | Identified the +1 spear "Lael" {spect, *Corrode rPois
                  | Int+2}
 10330 | D:13     | Noticed a boulder beetle
 10341 | D:13     | Killed a boulder beetle
 10496 | Lair:1   | Entered Level 1 of the Lair of Beasts
 10554 | Lair:1   | Reached skill level 17 in Maces & Flails
 10654 | Lair:1   | Received a gift from Okawaru
 10750 | Lair:1   | Noticed Amaemon
 10765 | Lair:1   | Killed Amaemon
 10800 | Lair:1   | Reached XP level 13. HP: 113/113 MP: 19/19
 11198 | Lair:1   | Received a gift from Okawaru
 11792 | Lair:2   | Reached skill level 18 in Maces & Flails
 12493 | Lair:3   | Annihilated by a komodo dragon

Illustrated notes

Levels and vault maps discovered:
D:1:      reono_arrival_forest_river, layout_rooms, basic_ecumenical_altar,
          minmay_pentomino_q2
D:2:      layout_loops_cross, minmay_misc_feat_room, feat_on_display
D:3:      layout_basic, nicolae_overflow_hallway_of_the_gods,
          nicolae_dithmenos_through_a_glass_darkly, minmay_misc_feat_five,
          guppyfry_early_orc_mine
D:4:      layout_loops_ring, chequers_serial_rivers_room_b, bh_walls_and_bars
D:5:      layout_gridville, uniq_edmund
D:6:      layout_layer_cave, mainiacjoe_overflow_alcove_2, temple_fountains,
          grunt_ministairs_8
D:7:      dreamdust_elfheim, layout_cave_pools,
          gammafunk_ghost_wrathful_warriors, nicolae_elevator_lobby_asterisk
D:8:      layout_rooms, fedhas_altar_fruit_tree, mainiacjoe_overflow_alcove_4,
          minmay_misc_feat_nine_boxes, water_boxes_lemuel, uniq_maurice
D:9:      layout_gridville, erik_lair_dragon,
          kennysheep_orc_monster_closet_entryway
D:10:     wad_pebble_path, layout_basic, ebering_ghost_gozag,
          chequers_serial_rivers_room_a, corner_web_ring
D:11:     minmay_curly_fans, layout_cave_pools, grunt_ministairs_12,
          xom_shifter_show, uniq_urug
D:12:     layout_basic, serial_shops, shop, kennysheep_flooded_box,
          fountainhead, uniq_nessos
D:13:     kennysheep_windowed_halls, layout_loops_cross
Temple:   nicolae_temple_ecumenical_triangle
Lair:1:   layout_regular_city, uniq_amaemon
Lair:2:   layout_hall_layers, grunt_megastairs_4
Lair:3:   layout_small_grid, nicolae_swamp_entry_spooky,
          minmay_snake_entry_guardpost_medium, serial_bayou,
          serial_bayou_pond_e, serial_bayou_pond_c, serial_bayou_shore_a,
          serial_bayou_pond_b, lemuel_old_faithful, grunt_megastairs_1

Skill      XL: |  1  2  3  4  5  6  7  8  9 10 11 12 13 |
---------------+----------------------------------------+-----
Fighting       | 4 5 6 7 8 10 | 10.0
Armour         | 4 5 6 7 8 10 | 10.0
Shields        | 4 |  4.0
Maces & Flails | 3 4 5 6 8 10 12 15 17 18 | 18.4
Invocations    | 3 7 10 | 10.0
Evocations     | 1 7 8 |  8.9

Action                     |  1- 3 |  4- 6 |  7- 9 | 10-12 | 13-15 || total
---------------------------+-------+-------+-------+-------+-------++-------
  Melee: Flail             |    75 |   116 |   310 |   588 |       ||  1089
         Headbutt          |     7 |    21 |    48 |   154 |    71 ||   301
         Unarmed           |       |       |       |     4 |       ||     4
         Demon whip        |       |       |       |     7 |   294 ||   301
 Invoke: Heroism           |       |       |       |     7 |     6 ||    13
         Finesse           |       |       |       |     4 |     2 ||     6
  Evoke: Wand              |       |       |     2 |     5 |       ||     7
    Use: Scroll            |     4 |     3 |    12 |     3 |     3 ||    25
         Potion            |       |     1 |     2 |     5 |     5 ||    13
 Armour: Scale mail        |    49 |    72 |     3 |       |       ||   124
         Chain mail        |       |       |   295 |       |       ||   295
         Plate armour      |       |       |    21 |   551 |   222 ||   794
         Skin              |       |       |       |     3 |       ||     3
  Dodge: Dodged            |    41 |    71 |   111 |   205 |    76 ||   504
  Block: Buckler           |    19 |    31 |    61 |   140 |    55 ||   306
